 Dungeon Crawl Stone Soup version 0.31-a0-963-ga325b2283a (webtiles) character file.

Game seed: 4226650422396401930

1199 BlueFish the Sneak (level 8, -8/49 (53) HPs)
             Began as an Octopode Shapeshifter on Oct 25, 2023.
             Was an Elder of Jiyva.
             Mangled by a wight
             ... wielding a +5 halberd
              (15 damage)
             ... on level 6 of the Dungeon.
             The game lasted 00:13:50 (5246 turns).

BlueFish the Sneak (Octopode Shapeshifter)          Turns: 5246, Time: 00:13:51

HP:   -8/49 (53)    AC:  1    Str: 15    XL:     8   Next: 44%
MP:   8/8           EV: 14    Int: 13    God:    Jiyva [****..]
Gold: 174           SH:  4    Dex: 17    Spells: 7/7 levels left

rFire   . .          .
                       - Unarmed
rCold   . . .        w - +0 buckler
rNeg    . . .        (helmet currently unavailable)
rPois   .            (no amulet)
rElec   .            g - +6 ring of dexterity
rCorr   +            (no ring)
SInv    .            (no ring)
Will    .....        (no ring)
Stlth   +++++        (no ring)
HPRegen 3.96/turn    (no ring)
MPRegen 0.51/turn    (no ring)
                     (no ring)

%: no passive effects
@: beast-form, drained
A: beast (slay +2), almost no armour, amphibious, 8 rings, camouflage 1,
gelatinous body 1, (nimble swimmer 1), tentacles, regeneration 3, acidic bite
a: Begin Untransformation, Renounce Religion, Oozemancy, Slimify


You were on level 6 of the Dungeon.
You worshipped Jiyva.
Jiyva was greatly pleased with you.
You were a hulking beast.
You visited 1 branch of the dungeon, and saw 6 of its levels.
You also visited: Sewer.

You collected 174 gold pieces.

Inventory:

Hand Weapons
 i - a +1 sling of flaming
Missiles
 d - 4 javelins
 f - 23 stones (quivered)
Armour
 w - a +0 buckler (worn)
Jewellery
 g - a +6 ring of dexterity (left tentacle)
Talismans
 b - a beast talisman
 c - a flux talisman
Wands
 s - a wand of iceblast (15)
Scrolls
 e - 3 scrolls of enchant weapon
 l - a scroll of vulnerability
 m - a scroll of teleportation {unknown}
 n - 2 scrolls of noise
 t - a scroll of blinking
 u - a scroll of identify
 v - a scroll of immolation
Potions
 a - a potion of lignification
 h - a potion of attraction {unknown}
 j - a potion of haste {unknown}
 k - a potion of curing {unknown}
 o - 2 potions of heal wounds {unknown}
 p - 3 potions of might
 q - a potion of invisibility {unknown}
 r - 2 potions of magic {unknown}
 x - a potion of resistance {unknown}


   Skills:
 + Level 3.6 Fighting
 + Level 3.3 Throwing
 + Level 3.9 Dodging
 + Level 6.8 Stealth
 * Level 1.0 Shields
 + Level 4.5 Unarmed Combat
 + Level 2.6 Evocations
 + Level 4.3 Shapeshifting


You had 7 spell levels left.
You didn't know any spells.
Your spell library contained the following spells:

 Spells                   Type           Power      Damage    Failure   Level
 Magic Dart               Conj           0%         1d3       38%         1
 Sandblast                Erth           0%         2d4       38%         1
 Slow                     Hex            0%         N/A       38%         1
 Call Imp                 Summ           0%         N/A       54%         2
 Passwall                 Tmut/Erth      0%         N/A       54%         2
 Confusing Touch          Hex            0%         N/A       77%         3
 Mephitic Cloud           Conj/Pois/Air  0%         N/A       77%         3
 Sigil of Binding         Hex            0%         N/A       77%         3
 Stone Arrow              Conj/Erth      0%         3d7       77%         3
 Vampiric Draining        Necr           0%         2d6       77%         3
 Volatile Blastmotes      Fire/Tloc      0%         2d10      77%         3
 Brom's Barrelling Bould  Conj/Erth      0%         2d3       99%         4
 Fulminant Prism          Conj/Hex       0%         3d5       99%         4
 Iskenderun's Mystic Bla  Conj/Tloc      0%         2d3       99%         4


Dungeon Overview and Level Annotations

Branches:
Dungeon (6/15)              Sewer (visited)
 Temple: D:4-7

Altars:
Ashenzari
Fedhas
Kikubaaqudgha
Makhleb
Nemelex Xobeh
Ru
Trog
Xom

Shops:
D:4 :   D:6 *


Innate Abilities, Weirdness & Mutations

You are a hulking beast.
Your limbs bulge with bestial killing power. (Slay +2)
You cannot wear most types of armour.
You are amphibious.
You can wear up to eight rings at the same time.
Your skin changes colour to match your surroundings (Stealth+).
Your rubbery body absorbs attacks. (AC +1, EV +1)
((You are camouflaged when in or above water. (Stealth+)))
You have tentacles for arms and can constrict up to eight enemies at once.
You regenerate.
You have acidic saliva.


Message History

The wight misses you.
You hear a distant slurping noise.
You tentacle-slap the wight but do no damage.
Your grab misses the wight.
You squeeze the wight, but do no damage.
You bludgeon the wight! You grab the wight.
The wight is heavily damaged.
You constrict the wight. The wight barely misses you.
You tentacle-slap the wight but do no damage.
The wight is severely damaged.
You constrict the wight. The wight barely misses you. The wight misses you.
You tentacle-slap the wight.
You squeeze the wight, but do no damage.
The wight is almost destroyed.
You constrict the wight, but do no damage.
The wight hits you with a +4 flail!
You feel drained. You block the wight's attack.
You tentacle-slap the wight but do no damage.
The wight is almost destroyed.
You constrict the wight.
You destroy the wight!
The wight barely misses you.
Your Shields skill increases to level 1!
The wight closely misses you. The wight hits you with a +5 halberd!!
* * * LOW HITPOINT WARNING * * *
Items here: )) [[.
You tentacle-slap the wight but do no damage.
You grab the wight.
You constrict the wight, but do no damage.
The wight misses you. x2
You barely miss the wight. Your grab misses the wight.
You constrict the wight, but do no damage.
The wight barely misses you. The wight hits you with a +5 halberd!!
* * * LOW HITPOINT WARNING * * *
You feel drained.
* * * LOW HITPOINT WARNING * * *
Okay, then.
You fail to use your ability.
You constrict the wight. The wight misses you.
The wight hits you with a +5 halberd!
You die...

##
#∩.#.......##.........###.
#..#z..............#...#..
#.................####....
###..............## ##..#
#..........#...## ####
#...##...###....#
#######...##....#
#zz......## ##h......##
###........# #.........##
###........# #....#....##
###..##...# #########


You could see 2 wights.

Vanquished Creatures
  Grinder (D:4)
  A steam dragon (D:6)
  Duvessa (D:5)
  A phantom (D:5)
  A gnoll sergeant (D:4)
  A bullfrog (D:4)
  2 wights (D:6)
  3 hounds
  2 jellies (Sewer)
  An orc priest (D:6)
  Jessica (D:2)
  3 iguanas
  Terence (D:3)
  2 orc wizards (D:5)
  5 adders
  4 gnolls (D:4)
  2 river rats (Sewer)
  A white imp (D:6)
  2 ufetubi (D:5)
  2 dart slugs
  2 worms (D:3)
  13 orcs
  9 endoplasms
  6 giant cockroaches
  6 goblins
  4 hobgoblins
  4 jackals (D:3)
  7 quokkas
  10 ball pythons
  5 bats (D:1)
  10 frilled lizards
  6 kobolds
  8 rats
127 creatures vanquished.

Vanquished Creatures (others)
  Sigmund (D:6)
  A black bear (D:5)
  An ogre (D:4)
  A centaur (D:4)
  A phantom (D:5)
  Dowan (D:5)
  9 jellies
  An orc priest (D:5)
  2 adders
  A white imp (D:6)
  2 endoplasms
  An orc (D:4)
  A ball python (D:4)
  A giant cockroach (D:4)
  2 goblins (D:4)
  A hobgoblin (D:4)
  A quokka (D:4)
  A bat (D:3)
  A kobold (D:4)
30 creatures vanquished.

Grand Total: 157 creatures vanquished

Notes
Turn   | Place    | Note
-------+----------+-------------------------------------------
     0 | D:1      | BlueFish the Octopode Shapeshifter began the quest for the
                  | Orb.
     0 | D:1      | Reached XP level 1. HP: 13/13 MP: 1/1
   215 | D:1      | Reached skill level 1 in Stealth
   215 | D:1      | Reached XP level 2. HP: 18/18 MP: 2/2
   559 | D:1      | Reached XP level 3. HP: 19/23 MP: 3/3
   941 | D:2      | Reached skill level 1 in Throwing
   941 | D:2      | Reached skill level 2 in Stealth
  1049 | D:2      | Noticed Jessica
  1056 | D:2      | Killed Jessica
  1057 | D:2      | Reached XP level 4. HP: 29/29 MP: 4/4
  1405 | D:3      | Found a glowing drain.
  1412 | Sewer    | Entered a sewer
  1602 | Sewer    | Reached skill level 3 in Stealth
  1634 | Sewer    | Reached XP level 5. HP: 21/34 MP: 5/5
  1748 | Sewer    | Found a viscous altar of Jiyva.
  1904 | Sewer    | Became a worshipper of Jiyva Joixkoff the Shapeless
  2136 | D:3      | Noticed Terence
  2137 | D:3      | Found a sacrificial altar of Ru.
  2143 | D:3      | Killed Terence
  2144 | D:3      | Reached skill level 4 in Stealth
  2144 | D:3      | Reached XP level 6. HP: 38/40 MP: 6/6
  2172 | D:3      | Found a broken altar of Ashenzari.
  2179 | D:3      | Found a sparkling altar of Nemelex Xobeh.
  2272 | D:3      | Reached * piety under Jiyva
  2701 | D:4      | Found a burning altar of Makhleb.
  2701 | D:4      | Noticed a green death
  2703 | D:4      | Found Zopatwap's Book Boutique.
  2741 | D:4      | Noticed Grinder
  2785 | D:4      | Killed Grinder
  2786 | D:4      | Reached skill level 5 in Stealth
  2786 | D:4      | Reached skill level 1 in Evocations
  2786 | D:4      | Reached XP level 7. HP: 13/45 MP: 7/7
  3168 | D:4      | Reached ** piety under Jiyva
  3570 | D:4      | Noticed a smoke demon
  3570 | D:4      | Noticed a ynoxinul
  3696 | D:5      | Entered Level 5 of the Dungeon
  3795 | D:5      | Found an ancient bone altar of Kikubaaqudgha.
  3876 | D:5      | Noticed Dowan
  3956 | D:5      | Reached skill level 6 in Stealth
  3984 | D:5      | Killed Dowan
  4016 | D:5      | Noticed Duvessa
  4021 | D:5      | Killed Duvessa
  4022 | D:5      | Reached XP level 8. HP: 17/52 MP: 8/8
  4241 | D:5      | Reached *** piety under Jiyva
  4259 | D:5      | Found a bloodstained altar of Trog.
  4287 | D:5      | Found a blossoming altar of Fedhas.
  4590 | D:5      | Gained mutation: Your natural rate of healing is unusually
                  | fast. [Jiyva's grace]
  4590 | D:5      | Gained mutation: You heal very quickly. [Jiyva's grace]
  4590 | D:5      | Gained mutation: You regenerate. [Jiyva's grace]
  4590 | D:5      | Gained mutation: You have acidic saliva. [Jiyva's grace]
  4839 | D:6      | Killed Sigmund
  4843 | D:6      | Found a shimmering altar of Xom.
  4947 | D:6      | Reached **** piety under Jiyva
  5174 | D:6      | Found Epsaq's Assorted Antiques.
  5243 | D:6      | Reached skill level 1 in Shields
  5246 | D:6      | Mangled by a wight

Illustrated notes

Levels and vault maps discovered:
D:1:      sevenhm_arrival_forest_fort_small_5, layout_basic
D:2:      layout_rooms, roderic_lattice_a, uniq_jessica
D:3:      layout_loops_ring, nicolae_ru_awakened_eye,
          mainiacjoe_overflow_catwalk_spiral, gup_sewer_entry_pipe, uniq_terence
D:4:      layout_basic, makhleb_altar_promises_db, serial_shops,
          nicolae_shop_behind_doors, lightli_minifort, uniq_grinder
D:5:      cheibrodos_helix_gallery, layout_loops_corners, kennysheep_mini_moat,
          kennysheep_mini, nicolae_kikubaaqudgha_miasma_corner,
          nicolae_eternal_life, uniq_duvessa
D:6:      layout_cave_pools, mainiacjoe_overflow_24_doors,
          minmay_temple_entry_from_below_b, serial_shops, shop, uniq_sigmund

Skill      XL: |  1  2  3  4  5  6  7  8 |
---------------+-------------------------+-----
Stealth        | 1 2 3 4 5 6 |  6.8
Throwing       | 1 2 3 |  3.3
Fighting       | 2 3 |  3.6
Dodging        | 3 |  3.9
Evocations     | 1 2 |  2.6
Unarmed Combat | 4 |  4.5
Shapeshifting  | 4 |  4.3
Shields        | 1 |  1.0

Action                     |  1- 3 |  4- 6 |  7- 9 || total
---------------------------+-------+-------+-------++-------
  Melee: Unarmed           |    51 |   108 |   102 ||   261
         Constrict         |    11 |    23 |    28 ||    62
         Tentacles         |     5 |    16 |    24 ||    45
         Punch             |     1 |     7 |     4 ||    12
         Bite              |       |       |     4 ||     4
  Throw: Stone             |       |     4 |     6 ||    10
  Evoke: Wand              |       |       |     1 ||     1
    Use: Scroll            |       |     3 |     3 ||     6
   Stab: Sleeping          |    12 |    15 |     4 ||    31
         Distracted        |     1 |     1 |     1 ||     3
 Armour: Skin              |    15 |    35 |    48 ||    98
  Dodge: Dodged            |    18 |    41 |    56 ||   115
  Block: Buckler           |       |       |     4 ||     4

Table legend: (Time is in decaauts)
 A = Elapsed time spent in this place.
 B = Non-inter-level travel time spent in this place.
 C = Inter-level travel time spent in this place.
 D = Time resting spent in this place.
 E = Time spent auto-exploring this place.
 F = Levels seen in this place.
 G = Mean time per level.
                   A        B        C        D        E       F      G
               +--------+--------+--------+--------+--------+-----+--------+
         Total |   5226 |   5057 |    169 |     34 |   3803 |   7 |  746.6 |
       Dungeon |   4723 |   4554 |    169 |     34 |   3493 |   6 |  787.2 |
         Sewer |    503 |    503 |      0 |      0 |    310 |   1 |  503.0 |
               +--------+--------+--------+--------+--------+-----+--------+

Top non-repeatable levels by time:
     D:4: 1060 daAuts
     D:5: 1037 daAuts
     D:1: 761 daAuts
     D:3: 748 daAuts
     D:2: 608 daAuts
     D:6: 507 daAuts
   Sewer: 503 daAuts
